AoeStats
← Ilum | Gordin Hood

Arabia

506277892Analyzed
1v1 RM · 20d ago on Sep 13, 2026· 53m 13s· 2 players
Game mode
Random Map
Map size
Tiny (2 player)
Population
200
Speed
Normal
Resources
Standard
Victory
Conquest
Starting age
Dark Age
Ending age
Imperial Age
RankedLock teamsTeams togetherTeam positionsShared explorationLock speedFull tech treeHidden civsTurbo modeCheats
Victory
Defeat
🇨🇦 Britons · Canada
2550
+7
🇦🇷 Vikings · Argentina
2320
-7
Ilum | Gordin Hood
5:56 Loom
10:25 Feudal Age
10:56 Double-Bit Axe
10:51 Horse Collar
17:39 Gold Mining
19:50 Castle Age
18:27 Scale Barding Armor
19:45 Forging
21:11 Chain Barding Armor
21:04 Bow Saw
24:32 Gold Shaft Mining
27:15 Devotion
32:22 Town Watch
41:48 Iron Casting
50:24 Scale Mail Armor
51:43 Chain Mail Armor
51:29 Squires
Survivalist
13:13 Feudal Age
13:45 Double-Bit Axe
16:22 Loom
19:29 Castle Age
18:02 Horse Collar
19:48 Fletching
20:24 Bow Saw
20:47 Bodkin Arrow
34:45 Wheelbarrow
35:53 Husbandry
39:15 Imperial Age
37:25 Gold Mining
39:01 Hand Cart
39:20 Husbandry
39:06 Light Cavalry
40:04 Bracer
39:53 Town Watch
40:08 Treadmill Crane
40:49 Ballistics
40:30 Light Cavalry
41:17 Scale Barding Armor
42:32 Chain Barding Armor
42:22 Forging
43:01 Guard Tower
43:09 Murder Holes
43:58 Pikeman
47:40 Crossbowman
49:29 Plate Barding Armor
Connection lost

Rejoining the realm…

Still unreachable

The connection could not be restored.

Session expired

The server has moved on; the page needs a fresh start.